[Event "Int SVK-ch Open 2020"]
[Site "Drienica"]
[Date "2020.08.15"]
[Round "9.15"]
[White "Stevik, Patrik"]
[Black "Sankova, Stella"]
[Result "1/2-1/2"]
[ECO "A01"]
[WhiteElo "2047"]
[BlackElo "1990"]
[Annotator "ChessBase"]
[PlyCount "60"]
[EventDate "2020.08.07"]
[EventType "swiss"]
[EventCountry "SVK"]
[SourceTitle "playchess.com"]
[Source "ChessBase"]
[SourceQuality "1"]
[TimeControl "40/5400+30:1800+30"]

1. b3 e5 2. Bb2 Nc6 3. e3 Nf6 4. Bb5 Bd6 5. Ne2 O-O 6. Ng3 a6 7. Be2 Be7 8. c4 d5 9. cxd5 Nxd5 10. Nc3 Be6 11. Nxd5 Bxd5 12. O-O Qd7 13. f4 exf4 14. Rxf4 Bd6 15. Rh4 Bxg3 16. hxg3 Ne7 17. e4 Bc6 18. d4 Ng6 19. d5 Bb5 20. Bg4 Qe7 21. Qd4 f6 22. Be6+ Kh8 23. Rxh7+ Kxh7 24. Kf2 Ne5 25. Rh1+ Kg6 26. Qd1 Rh8 27. Bf5+ Kf7 28. Be6+ Kg6 29. Bf5+ Kf7 30. Be6+ Kg6 1/2-1/2

[Event "Int SVK-ch Open 2020"]
[Site "Drienica"]
[Date "2020.08.15"]
[Round "9.15"]
[White "Sevcik, Lubomir"]
[Black "Dragula, Miroslav"]
[Result "1/2-1/2"]
[ECO "A84"]
[WhiteElo "1748"]
[BlackElo "1566"]
[Annotator "NA"]
[PlyCount "110"]
[EventDate "2020.08.07"]
[EventType "swiss"]
[EventCountry "SVK"]
[SourceTitle "playchess.com"]
[Source "ChessBase"]
[SourceQuality "1"]
[TimeControl "40/5400+30:1800+30"]

1. d4 e6 2. c4 f5 3. Nc3 Nf6 4. Bg5 Be7 5. Nf3 c6 6. e3 d5 7. Ne5 Nbd7 8. Nxd7 Bxd7 9. Bxf6 Bxf6 10. c5 O-O 11. Bd3 Qe8 12. f4 Bh4+ 13. Kd2 Be7 14. Qf3 b6 15. b4 a5 16. a3 Qb8 17. Na4 Bd8 18. Rhb1 b5 19. Nc3 Qa7 20. Qd1 axb4 21. axb4 Qb7 22. Rxa8 Qxa8 23. Ra1 Qb7 24. Ra2 Be7 25. Qa1 Rb8 26. Ne2 Qc7 27. Ng1 Bc8 28. Nf3 Bf6 29. Kc3 Bb7 30. Ra7 Qc8 31. h3 Ra8 32. g4 g6 33. g5 Bg7 34. Nd2 Qb8 35. Rxa8 Qxa8 36. Qxa8+ Bxa8 37. Nb3 Bf8 38. Na5 Kg7 39. Be2 Be7 40. Nb3 Bd8 41. Nd2 Bc7 42. Nb1 Bb7 43. Na3 Ba6 44. Nb1 Bc8 45. Nd2 Bd7 46. Nb3 Kf7 47. h4 Bd8 48. Na5 Ke8 49. Nb7 Be7 50. h5 Bc8 51. Na5 Kd7 52. Nb3 Ke8 53. Nd2 Bd8 54. Nf3 Bc7 55. Nh4 Kf7 1/2-1/2

[Event "Int SVK-ch Open 2020"]
[Site "Drienica"]
[Date "2020.08.15"]
[Round "9.16"]
[White "Brnusak, Tomas"]
[Black "Antal, Jakub"]
[Result "1-0"]
[ECO "A38"]
[WhiteElo "2044"]
[BlackElo "1939"]
[Annotator "ChessBase"]
[PlyCount "62"]
[EventDate "2020.08.07"]
[EventType "swiss"]
[EventCountry "SVK"]
[SourceTitle "playchess.com"]
[Source "ChessBase"]
[SourceQuality "1"]
[TimeControl "40/5400+30:1800+30"]

1. c4 c5 2. Nc3 Nf6 3. g3 g6 4. Bg2 Bg7 5. Nf3 O-O 6. O-O Nc6 7. d3 d6 8. e4 Ne8 9. Ne1 Nc7 10. f4 Ne6 11. Nc2 Ned4 12. Ne3 f5 13. exf5 gxf5 14. Rb1 Bd7 15. h3 e6 16. a3 a5 17. Qe1 Rf7 18. g4 fxg4 19. hxg4 Qe7 20. Qg3 Raf8 21. Bd2 Nb3 22. Ne4 Nxd2 23. Nxd2 Nd4 24. Rbe1 Bc6 25. Ne4 Qd7 26. Qh2 Bf6 27. g5 Bd8 28. Ng4 Bxe4 29. Bxe4 Rg7 30. Kh1 Nf5 31. Rf3 Qf7 1-0

[Event "Int SVK-ch Open 2020"]
[Site "Drienica"]
[Date "2020.08.15"]
[Round "9.16"]
[White "Socko, Weronika"]
[Black "Kucik, Patrik"]
[Result "1-0"]
[ECO "D40"]
[WhiteElo "1741"]
[BlackElo "1572"]
[Annotator "NA"]
[PlyCount "41"]
[EventDate "2020.08.07"]
[EventType "swiss"]
[EventCountry "SVK"]
[SourceTitle "playchess.com"]
[Source "ChessBase"]
[SourceQuality "1"]
[TimeControl "40/5400+30:1800+30"]

1. d4 Nf6 2. c4 e6 3. Nc3 d5 4. Nf3 c5 5. e3 Nc6 6. Be2 Be7 7. O-O O-O 8. a3 cxd4 9. Nxd4 Nxd4 10. Qxd4 b6 11. Bf3 Bb7 12. Rd1 Bc5 13. Qd2 Qc7 14. Nb5 Qe7 15. b4 Bd6 16. Nxd6 Qxd6 17. Bb2 Qd8 18. Rac1 Rb8 19. cxd5 Nxd5 20. e4 Ne7 21. Qc3 1-0

[Event "Int SVK-ch Open 2020"]
[Site "Drienica"]
[Date "2020.08.15"]
[Round "9.17"]
[White "Djubek, Boris"]
[Black "Dujava, Daniel"]
[Result "1-0"]
[ECO "D37"]
[WhiteElo "2019"]
[BlackElo "2111"]
[Annotator "ChessBase"]
[PlyCount "83"]
[EventDate "2020.08.07"]
[EventType "swiss"]
[EventCountry "SVK"]
[SourceTitle "playchess.com"]
[Source "ChessBase"]
[SourceQuality "1"]
[TimeControl "40/5400+30:1800+30"]

1. d4 Nf6 2. Nf3 e6 3. c4 d5 4. Nc3 c6 5. Bf4 Nbd7 6. e3 Be7 7. Rc1 dxc4 8. Bxc4 Nb6 9. Bd3 Nfd5 10. Bg3 Nxc3 11. bxc3 c5 12. Ne5 Nd7 13. O-O O-O 14. Rb1 Nxe5 15. Bxe5 cxd4 16. cxd4 Bd6 17. Bxd6 Qxd6 18. Qc2 g6 19. Rfc1 Rd8 20. Be4 Rd7 21. Qc5 Qxc5 22. Rxc5 Rb8 23. Rbc1 Rd8 24. Rc7 a6 25. Re7 b5 26. Rcc7 Rf8 27. Ra7 Rb6 28. h4 Kg7 29. f4 h5 30. Rec7 Rd6 31. a3 Kf6 32. Bc6 Rdd8 33. Kf2 g5 34. hxg5+ Kg6 35. Be4+ Kg7 36. g6 Kh6 37. Rxf7 Rxf7 38. Rxf7 Rh8 39. Ke1 a5 40. Kd2 b4 41. axb4 axb4 42. Ra7 1-0

[Event "Int SVK-ch Open 2020"]
[Site "Drienica"]
[Date "2020.08.15"]
[Round "9.17"]
[White "Kulich, Daniel"]
[Black "Malinovsky, Jozef"]
[Result "1/2-1/2"]
[ECO "A45"]
[WhiteElo "1492"]
[BlackElo "1698"]
[Annotator "NA"]
[PlyCount "53"]
[EventDate "2020.08.07"]
[EventType "swiss"]
[EventCountry "SVK"]
[SourceTitle "playchess.com"]
[Source "ChessBase"]
[SourceQuality "1"]
[TimeControl "40/5400+30:1800+30"]

1. d4 Nf6 2. Bf4 e6 3. e3 Bd6 4. Bd3 Bxf4 5. exf4 c6 6. c3 Qc7 7. g3 c5 8. Nf3 b6 9. O-O h6 10. Nbd2 Bb7 11. Re1 O-O 12. dxc5 Qxc5 13. Ne4 Nxe4 14. Bxe4 Bxe4 15. Rxe4 Nc6 16. Ne5 Nxe5 17. Rxe5 Qc7 18. Qg4 f5 19. Qe2 Rac8 20. Rd1 Rf7 21. Re3 Qb7 22. Qf3 Qxf3 23. Rxf3 Kf8 24. Rfd3 Ke8 25. h4 Rc7 26. Kf1 Ke7 27. Ke2 1/2-1/2

[Event "Int SVK-ch Open 2020"]
[Site "Drienica"]
[Date "2020.08.15"]
[Round "9.18"]
[White "Sevcikova, Lucia"]
[Black "Mandak, Miroslav"]
[Result "1/2-1/2"]
[ECO "C41"]
[WhiteElo "2017"]
[BlackElo "1927"]
[Annotator "ChessBase"]
[PlyCount "75"]
[EventDate "2020.08.07"]
[EventType "swiss"]
[EventCountry "SVK"]
[SourceTitle "playchess.com"]
[Source "ChessBase"]
[SourceQuality "1"]
[TimeControl "40/5400+30:1800+30"]

1. d4 d6 2. e4 e5 3. Nf3 Nd7 4. Bc4 Be7 5. Nc3 c6 6. a4 Ngf6 7. O-O O-O 8. h3 Qc7 9. Ba2 h6 10. Be3 b6 11. Qe2 Nh7 12. Rad1 Bb7 13. Rfe1 a5 14. Qd2 Rad8 15. Ne2 exd4 16. Nexd4 Ne5 17. Qe2 Bc8 18. Nh2 c5 19. Nb5 Qb8 20. f4 Nc6 21. c3 Nf6 22. Bf2 Rfe8 23. Bd5 Nxd5 24. exd5 Na7 25. Ng4 Nxb5 26. axb5 Bd7 27. c4 Bh4 28. Qf3 Bxg4 29. Qxg4 Bxf2+ 30. Kxf2 Qc8 31. Rxe8+ Rxe8 32. Qxc8 Rxc8 33. Re1 Kf8 34. Kf3 Re8 35. Rxe8+ Kxe8 36. Ke4 Ke7 37. g4 g6 38. b3 1/2-1/2

[Event "Int SVK-ch Open 2020"]
[Site "Drienica"]
[Date "2020.08.15"]
[Round "9.18"]
[White "Kapolkova, Greta"]
[Black "Gulas, Gabriel"]
[Result "1-0"]
[ECO "C10"]
[WhiteElo "1510"]
[BlackElo "1472"]
[Annotator "NA"]
[PlyCount "66"]
[EventDate "2020.08.07"]
[EventType "swiss"]
[EventCountry "SVK"]
[SourceTitle "playchess.com"]
[Source "ChessBase"]
[SourceQuality "1"]
[TimeControl "40/5400+30:1800+30"]

1. e4 e6 2. d4 d5 3. Nc3 dxe4 4. Nxe4 Bd7 5. Nf3 Bc6 6. Bd3 Bxe4 7. Bxe4 c6 8. c3 Nf6 9. Bg5 Be7 10. Bxf6 Bxf6 11. Qb3 Qc7 12. O-O Nd7 13. Rfe1 O-O-O 14. a4 g5 15. a5 g4 16. Nd2 Bg5 17. Nf1 h5 18. Qc4 f5 19. Bc2 f4 20. Rxe6 a6 21. b4 Rhf8 22. Ba4 Nb8 23. Qc5 Rg8 24. Rae1 f3 25. g3 h4 26. Qf5 Qd7 27. Qxg4 hxg3 28. hxg3 Bd2 29. Rxc6+ Nxc6 30. Qxd7+ Rxd7 31. Nxd2 Rf7 32. Bb3 Rxg3+ 33. fxg3 f2+ 1-0

[Event "Int SVK-ch Open 2020"]
[Site "Drienica"]
[Date "2020.08.15"]
[Round "9.19"]
[White "Ihnat, Marek"]
[Black "Zahradnik, Vladimir"]
[Result "0-1"]
[ECO "B40"]
[WhiteElo "2065"]
[BlackElo "1874"]
[Annotator "ChessBase"]
[PlyCount "64"]
[EventDate "2020.08.07"]
[EventType "swiss"]
[EventCountry "SVK"]
[SourceTitle "playchess.com"]
[Source "ChessBase"]
[SourceQuality "1"]
[TimeControl "40/5400+30:1800+30"]

1. e4 c5 2. Nf3 e6 3. d4 cxd4 4. Nxd4 Nf6 5. Nc3 Bb4 6. Qf3 Nc6 7. Nxc6 bxc6 8. Bd2 d5 9. exd5 exd5 10. a3 Be7 11. h3 O-O 12. Bd3 Be6 13. O-O Qd7 14. Rfe1 Rfb8 15. b3 a5 16. a4 h6 17. Rad1 g5 18. g4 Nxg4 19. Rxe6 fxe6 20. Qxg4 Rb4 21. Qg2 Rh4 22. f4 Kh8 23. fxg5 hxg5 24. Be1 Rh6 25. Be2 Bc5+ 26. Kh1 e5 27. Bg4 Qe7 28. Nxd5 cxd5 29. Rxd5 Rf8 30. Bc3 Bd4 31. Bxa5 Rhf6 32. Qe4 Rf1+ 0-1

[Event "Int SVK-ch Open 2020"]
[Site "Drienica"]
[Date "2020.08.15"]
[Round "9.19"]
[White "Lehocz, Jozsef"]
[Black "Belis, Rudolf"]
[Result "1/2-1/2"]
[ECO "B28"]
[WhiteElo "1959"]
[BlackElo "1924"]
[Annotator "ChessBase"]
[PlyCount "63"]
[EventDate "2020.08.07"]
[EventType "swiss"]
[EventCountry "SVK"]
[SourceTitle "playchess.com"]
[Source "ChessBase"]
[SourceQuality "1"]
[TimeControl "40/5400+30:1800+30"]

1. e4 c5 2. Nf3 a6 3. d4 cxd4 4. c3 d3 5. Bxd3 d6 6. c4 e6 7. Nc3 Nf6 8. h3 Be7 9. Be3 O-O 10. O-O Nc6 11. a3 Bd7 12. b4 Qc7 13. Rc1 Ne5 14. Nxe5 dxe5 15. Be2 Rfd8 16. Qc2 Be8 17. c5 Bc6 18. a4 Be8 19. Rb1 h6 20. Rfc1 Bf8 21. Nd1 Qc6 22. Nc3 Qc7 23. Qb3 Be7 24. Qc4 Rdc8 25. Qb3 Bf8 26. g3 Be7 27. f3 Bf8 28. Nd1 Nd7 29. Kg2 a5 30. b5 Nxc5 31. Qa2 b6 32. Nb2 1/2-1/2

[Event "Int SVK-ch Open 2020"]
[Site "Drienica"]
[Date "2020.08.15"]
[Round "9.20"]
[White "Svobodova, Michaela"]
[Black "Sosovickova, Jana"]
[Result "1-0"]
[ECO "C47"]
[WhiteElo "1964"]
[BlackElo "1829"]
[Annotator "NA RC"]
[PlyCount "171"]
[EventDate "2020.08.07"]
[EventType "swiss"]
[EventCountry "SVK"]
[SourceTitle "playchess.com"]
[Source "ChessBase"]
[SourceQuality "1"]
[TimeControl "40/5400+30:1800+30"]

1. e4 e5 2. Nf3 Nc6 3. Nc3 Nf6 4. d4 exd4 5. Nxd4 Bb4 6. Nxc6 bxc6 7. Bd3 d5 8. exd5 cxd5 9. O-O O-O 10. h3 {[%emt 0:01:04] C47: Scotch Four Knights and Four Knights with 4 g3.} c6 11. Qf3 Be6 {[%emt 0:05:30] Recently 11...Rb8 got a lot of attention.} 12. Bf4 Bd6 13. Rad1 Bxf4 14. Qxf4 Qb8 15. Qxb8 Raxb8 16. b3 Nd7 {[%emt 0:10:37] [#]} 17. f4 $146 ({Predecessor:} 17. Na4 Ne5 18. Nc5 Nxd3 19. Nxe6 fxe6 20. Rxd3 e5 21. Rc3 Rf6 22. Re3 e4 23. f3 {0-1 (58) Labuda,A (1251)-Zhou,L (1724) Willingen 2019}) 17... f5 18. Rfe1 Nc5 19. Ne2 Nxd3 (19... g6 $11) 20. Rxd3 Rfe8 21. Nd4 Bd7 22. Rxe8+ Rxe8 23. Nf3 Bc8 24. Ne5 Bb7 25. Rc3 Rc8 26. Rc5 Kf8 27. Kf2 Ke7 28. Ke3 Kd6 29. b4 Rc7 30. Kd4 Ba6 {[%emt 0:05:35] [#]} 31. h4 (31. c4 $1 $18) 31... h5 32. a4 Bf1 33. g3 a6 34. Ke3 Bg2 35. Ra5 Ra7 36. Kf2 Be4 37. b5 ({Better is} 37. Rc5 $16 d4 38. Rc4) 37... cxb5 38. axb5 Bxc2 39. Rxa6+ Rxa6 40. bxa6 Kc7 41. Ke3 Kb6 {[%emt 0:30:44] [#]} 42. Kd4 $2 (42. Nd3 $1 $18 Bd1 43. Nb4) 42... Be4 43. Ng6 Kxa6 44. Ne7 Kb5 45. Nxd5 Kc6 46. Nc3 Bc2 {[%emt 0:00:00] [#]} 47. Ke5 $1 Kd7 48. Nd5 Bd3 {[%emt 0:00:00] [#]} 49. Ne3 $1 Ke7 50. Nxf5+ {[%emt 0:00:00] Double Attack} Kf7 {[%emt 0:00:00] [#]} 51. Nd6+ $1 Ke7 52. f5 Bc2 53. Ne4 $2 (53. Nb7 $18 Bb1 54. Nc5) 53... Kf7 $2 (53... Bxe4 $1 $11 54. Kxe4 Kf7) 54. Kf4 $2 (54. Nc3 $18 g6 55. f6) 54... Ke7 $2 (54... Bxe4 $1 $11 {and Black is okay.} 55. Kxe4 Ke7) 55. Nc3 Kf6 56. Nd5+ Kf7 57. Kg5 Be4 58. Nf4 Bc2 59. Nxh5 Bd1 60. Nf4 Bc2 61. Ng6 Ba4 62. Ne5+ Kg8 63. h5 Kh7 64. g4 Be8 65. Nd3 Bb5 66. Nc5 Be2 67. Nd7 Bb5 68. f6 gxf6+ 69. Nxf6+ Kg7 70. h6+ Kh8 71. Kg6 Bd3+ 72. Kf7 Bg6+ 73. Kf8 (73. Ke7 $18 Bc2 74. g5) 73... Bf5 74. g5 Bg6 75. Ng4 Kh7 76. Ne5 Be4 77. Kf7 Bg6+ 78. Kf6 Bc2 79. Nd7 Bb1 80. Nf8+ Kh8 81. g6 Bxg6 82. Kxg6 Kg8 83. Ne6 Kh8 84. Ng5 Kg8 85. h7+ Kh8 86. Nf7# 1-0

[Event "Int SVK-ch Open 2020"]
[Site "Drienica"]
[Date "2020.08.15"]
[Round "9.21"]
[White "Banoci, Jaroslav"]
[Black "Tomcik, Milan"]
[Result "1/2-1/2"]
[ECO "A48"]
[WhiteElo "1833"]
[BlackElo "1963"]
[Annotator "ChessBase"]
[PlyCount "45"]
[EventDate "2020.08.07"]
[EventType "swiss"]
[EventCountry "SVK"]
[SourceTitle "playchess.com"]
[Source "ChessBase"]
[SourceQuality "1"]
[TimeControl "40/5400+30:1800+30"]

1. d4 Nf6 2. Nf3 g6 3. Bg5 Bg7 4. Nbd2 d6 5. e3 Nbd7 6. h3 O-O 7. Be2 Re8 8. O-O h6 9. Bh4 c6 10. a4 a5 11. c3 e5 12. dxe5 dxe5 13. Qc2 Qc7 14. Rfd1 Nc5 15. g4 h5 16. Nh2 hxg4 17. hxg4 Be6 18. Bg3 Rad8 19. b4 Ncd7 20. Nc4 axb4 21. cxb4 Nd5 22. Rab1 Ra8 23. Rdc1 1/2-1/2

[Event "Int SVK-ch Open 2020"]
[Site "Drienica"]
[Date "2020.08.15"]
[Round "9.22"]
[White "Bakalar, Jan"]
[Black "Kucera, Michal"]
[Result "1-0"]
[ECO "B31"]
[WhiteElo "1896"]
[BlackElo "1991"]
[Annotator "ChessBase"]
[PlyCount "101"]
[EventDate "2020.08.07"]
[EventType "swiss"]
[EventCountry "SVK"]
[SourceTitle "playchess.com"]
[Source "ChessBase"]
[SourceQuality "1"]
[TimeControl "40/5400+30:1800+30"]

1. e4 c5 2. Nf3 Nc6 3. Bb5 g6 4. Bxc6 dxc6 5. h3 Bg7 6. O-O e5 7. Re1 Ne7 8. d3 f6 9. Nbd2 Be6 10. Nf1 Qc7 11. Be3 b6 12. a4 a5 13. Qe2 O-O 14. Bd2 Rad8 15. Bc3 Kh8 16. Red1 Rg8 17. N3h2 g5 18. Bd2 Ng6 19. g4 Rd7 20. Ng3 Nh4 21. Nf3 Nxf3+ 22. Qxf3 Bf7 23. b3 Bg6 24. Kg2 Rgd8 25. Nf5 Rf7 26. Rh1 Bxf5 27. Qxf5 Qd7 28. Qxd7 Rdxd7 29. h4 gxh4 30. Rxh4 Bf8 31. Rah1 Kg8 32. Rh5 Be7 33. Rf5 Rg7 34. Kf3 Bd8 35. g5 fxg5 36. Rxe5 g4+ 37. Kg2 Rde7 38. Rxe7 Bxe7 39. Rh6 Kf7 40. Rxc6 Rg6 41. Rxg6 Kxg6 42. Bf4 Bd8 43. f3 Kh5 44. e5 gxf3+ 45. Kxf3 Kg6 46. Ke4 h5 47. c3 h4 48. d4 Bg5 49. Bxg5 Kxg5 50. e6 Kf6 51. d5 1-0

[Event "Int SVK-ch Open 2020"]
[Site "Drienica"]
[Date "2020.08.15"]
[Round "9.22"]
[White "Sevcik, Ondrej"]
[Black "Horbalova, Ivana"]
[Result "0-1"]
[ECO "B27"]
[WhiteElo "1017"]
[BlackElo "1306"]
[Annotator "NA RC"]
[PlyCount "31"]
[EventDate "2020.08.07"]
[EventType "swiss"]
[EventCountry "SVK"]
[SourceTitle "playchess.com"]
[Source "ChessBase"]
[SourceQuality "1"]
[TimeControl "40/5400+30:1800+30"]

1. e4 c5 2. Nf3 b6 3. d4 cxd4 4. Nxd4 Bb7 5. Nc3 Nf6 6. Bc4 e6 7. O-O Nxe4 8. Nxe4 Bxe4 9. Re1 Bb7 10. Bf4 Bc5 11. Qh5 Bxd4 12. c3 Qf6 13. Bg3 Bc5 14. Rad1 O-O 15. Bd3 g6 16. Bb5 0-1

[Event "Int SVK-ch Open 2020"]
[Site "Drienica"]
[Date "2020.08.15"]
[Round "9.23"]
[White "Geffert, Anton"]
[Black "Ferkova, Dominika"]
[Result "1/2-1/2"]
[ECO "E61"]
[WhiteElo "1909"]
[BlackElo "2111"]
[Annotator "ChessBase"]
[PlyCount "25"]
[EventDate "2020.08.07"]
[EventType "swiss"]
[EventCountry "SVK"]
[SourceTitle "playchess.com"]
[Source "ChessBase"]
[SourceQuality "1"]
[TimeControl "40/5400+30:1800+30"]

1. d4 Nf6 2. c4 g6 3. Nc3 Bg7 4. Nf3 d6 5. h3 O-O 6. e3 c5 7. Qb3 e6 8. Be2 b6 9. O-O Re8 10. Rd1 Nbd7 11. e4 Bb7 12. e5 dxe5 13. dxe5 1/2-1/2

[Event "Int SVK-ch Open 2020"]
[Site "Drienica"]
[Date "2020.08.15"]
[Round "9.23"]
[White "Andras, Anton"]
[Black "Kukan, Michal"]
[Result "0-1"]
[ECO "B08"]
[WhiteElo "1582"]
[BlackElo "1769"]
[Annotator "NA"]
[PlyCount "98"]
[EventDate "2020.08.07"]
[EventType "swiss"]
[EventCountry "SVK"]
[SourceTitle "playchess.com"]
[Source "ChessBase"]
[SourceQuality "1"]
[TimeControl "40/5400+30:1800+30"]

1. Nf3 g6 2. e4 Bg7 3. d4 d6 4. Nc3 Nf6 5. Be2 O-O 6. h3 Nbd7 7. O-O c5 8. Be3 cxd4 9. Bxd4 a6 10. Qd2 b5 11. a3 Bb7 12. e5 dxe5 13. Be3 e4 14. Nh2 Rc8 15. Bh6 Ne5 16. Qxd8 Rfxd8 17. Bxg7 Kxg7 18. Rad1 h5 19. Rfe1 Rxd1 20. Rxd1 Nc4 21. Bxc4 Rxc4 22. Nf1 e5 23. Ne3 Rd4 24. Kf1 Kf8 25. Ne2 Rd7 26. Ke1 Ke7 27. Nc3 Ke6 28. g3 Rd4 29. Ne2 Rxd1+ 30. Kxd1 Nd5 31. Nxd5 Bxd5 32. h4 f5 33. Kd2 Bc4 34. Nc3 Kd6 35. Ke3 Kc5 36. b4+ Kd6 37. Nd1 Ke6 38. Nc3 Kf6 39. a4 g5 40. hxg5+ Kxg5 41. axb5 axb5 42. Ne2 Kg4 43. Nc3 Bf1 44. Ne2 f4+ 45. gxf4 Bxe2 46. Kxe2 exf4 47. c4 Kf5 48. c5 h4 49. Kf1 h3 0-1

[Event "Int SVK-ch Open 2020"]
[Site "Drienica"]
[Date "2020.08.15"]
[Round "9.24"]
[White "Hudak, Vasil"]
[Black "Nandrazi, Dominik"]
[Result "1-0"]
[ECO "B15"]
[WhiteElo "1997"]
[BlackElo "1875"]
[Annotator "ChessBase"]
[PlyCount "97"]
[EventDate "2020.08.07"]
[EventType "swiss"]
[EventCountry "SVK"]
[SourceTitle "playchess.com"]
[Source "ChessBase"]
[SourceQuality "1"]
[TimeControl "40/5400+30:1800+30"]

1. e4 c6 2. d4 d5 3. Nc3 h6 4. Nf3 dxe4 5. Nxe4 Bf5 6. Nc5 Nd7 7. Nxd7 Qxd7 8. Bc4 e6 9. O-O Bd6 10. Qe2 Nf6 11. Rd1 O-O 12. Bb3 Rad8 13. c3 Qc7 14. h3 Rfe8 15. Nh4 Bh7 16. Qf3 Qe7 17. g3 Be4 18. Qe2 Qc7 19. f4 c5 20. Be3 Nd5 21. Bf2 f5 22. Ng6 Kh7 23. Ne5 Bxe5 24. dxe5 a6 25. a4 Qc6 26. a5 Rg8 27. Ba4 Qc7 28. Bc2 Bxc2 29. Qxc2 g5 30. fxg5 Rxg5 31. Rd3 c4 32. Rd4 Qxe5 33. Re1 Qf6 34. Kh2 e5 35. Rxc4 Qg7 36. g4 Qg6 37. Bh4 e4 38. Bxg5 Qxg5 39. Qf2 Rf8 40. h4 Qe7 41. gxf5 e3 42. Qg3 Rg8 43. Rg4 Rxg4 44. Qxg4 Nf6 45. Qg6+ Kh8 46. Qxh6+ Nh7 47. Rxe3 Qd7 48. Qe6 Qd2+ 49. Kh3 1-0

[Event "Int SVK-ch Open 2020"]
[Site "Drienica"]
[Date "2020.08.15"]
[Round "9.25"]
[White "Durica, Andrej"]
[Black "Sedlakova, Ivana"]
[Result "0-1"]
[ECO "B12"]
[WhiteElo "1911"]
[BlackElo "1983"]
[Annotator "ChessBase"]
[PlyCount "80"]
[EventDate "2020.08.07"]
[EventType "swiss"]
[EventCountry "SVK"]
[SourceTitle "playchess.com"]
[Source "ChessBase"]
[SourceQuality "1"]
[TimeControl "40/5400+30:1800+30"]

1. e4 c6 2. d4 d5 3. e5 Bf5 4. Ne2 e6 5. Ng3 Bg6 6. h4 h6 7. h5 Bh7 8. Bd3 Bxd3 9. cxd3 Qb6 10. Be3 Qxb2 11. Nd2 Bb4 12. Rb1 Bxd2+ 13. Ke2 Qxa2 14. Bxd2 b6 15. Qc1 Qa6 16. f4 Ne7 17. Rf1 Nd7 18. Bb4 c5 19. dxc5 bxc5 20. Bd2 O-O 21. Ra1 Qc6 22. Kf2 Rfc8 23. Qd1 f5 24. Rc1 Qb5 25. Qf3 Nc6 26. Ne2 Nb4 27. Bxb4 cxb4 28. g4 b3 29. gxf5 b2 30. Rb1 exf5 31. Rxb2 Qxb2 32. Qxd5+ Kh8 33. Qxd7 Rc2 34. Re1 Qb6+ 35. Kf1 Qe3 36. Qd5 Rac8 37. Qd4 Qh3+ 38. Kg1 Rxe2 39. Rxe2 Rc1+ 40. Kf2 Rf1# 0-1